 Dungeon Crawl Stone Soup version 0.29.1-2-gbd0b4ee654 (webtiles) character file.

Game seed: 7279190000422874393

1911 Icepheonix32 the Merchant of Misery (level 8, -9/52 HPs)
             Began as a Demonspawn Necromancer on Nov 2, 2022.
             Was a Believer of Kikubaaqudgha.
             Shot with an arrow by a centaur (10 damage)
             ... on level 6 of the Dungeon.
             The game lasted 00:11:54 (7150 turns).

Icepheonix32 the Merchant of Misery (DsNe)          Turns: 7150, Time: 00:11:55

Health: -9/52      AC:  5    Str: 12    XL:     8   Next: 95%
Magic:  11/11      EV: 12    Int: 16    God:    Kikubaaqudgha [**....]
Gold:   351        SH:  0    Dex: 13    Spells: 3/11 levels left

rFire   . . .      SeeInvis .   g - +4 short sword (elec)
rCold   . . .      Faith    .   (no shield)
rNeg    . . .      Spirit   .   j - +2 robe {Will+}
rPois   .          Reflect  .   (no helmet)
rElec   .          Harm     .   (no cloak)
rCorr   .          Rampage  .   x - +0 pair of gloves
Will    ++...                   (no boots)
Stlth   +.........              (no amulet)
HPRegen 0.17/turn               q - ring of willpower
MPRegen 0.12/turn               u - ring of flight

@: confused, ambrosia-drunk, flying
A: hooves 2, spiny 1
a: Renounce Religion, Unearth Wretches


You were on level 6 of the Dungeon.
You worshipped Kikubaaqudgha.
Kikubaaqudgha was pleased with you.
You visited 1 branch of the dungeon, and saw 6 of its levels.

You collected 351 gold pieces.

Inventory:

Hand Weapons
 c - a +0 dagger
 d - a +2 vampiric dagger
 g - a +4 short sword of electrocution (weapon)
 z - a +2 dagger of freezing
 A - a +2 dagger of protection
Armour
 h - a +0 leather armour
 j - a +2 robe of willpower (worn)
 r - an orb of mayhem
 x - a +0 pair of gloves (worn)
 F - a +1 ring mail of willpower
Magical Staves
 m - a staff of earth
 p - a staff of air
Jewellery
 q - a ring of willpower (left hand)
 u - a ring of flight (right hand)
Wands
 i - a wand of iceblast (6)
 o - a wand of charming (19)
 v - a wand of polymorph (11)
 B - a wand of digging (15)
 G - a wand of flame (5)
Scrolls
 e - a scroll of magic mapping
 l - a scroll of identify
 n - a scroll of amnesia
 w - a scroll of brand weapon
 y - a scroll of immolation
 C - a scroll of silence
 I - a scroll of fear
Potions
 a - a potion of might {unknown}
 b - a potion of magic
 f - a potion of flight
 k - a potion of resistance
 s - a potion of haste
 t - 2 potions of berserk rage
 D - a potion of attraction
 E - a potion of cancellation
 H - a potion of ambrosia


   Skills:
 * Level 3.9 Armour
 + Level 2.7 Dodging
 + Level 1.7 Stealth
 + Level 2.0 Spellcasting
 * Level 12.1 Necromancy


You had 3 spell levels left.
You knew the following spells:

 Your Spells              Type           Power      Damage    Failure   Level
a - Necrotise             Necr           100%       1d9       1%          1
b - Vampiric Draining     Necr           40%        2d8       1%          3
c - Animate Dead          Necr           40%        N/A       1%          4

Your spell library contained the following spells:

 Spells                   Type           Power      Damage    Failure   Level
 Sublimation of Blood     Necr           40%        N/A       1%          2
 Beastly Appendage        Tmut           2%         N/A       21%         1
 Wereblood                Tmut           1%         N/A       30%         2
 Call Canine Familiar     Summ           1%         N/A       52%         3
 Portal Projectile        Hex/Tloc       2%         N/A       52%         3
 Spider Form              Tmut/Pois      1%         N/A       52%         3
 Stone Arrow              Conj/Erth      2%         3d7       52%         3
 Agony                    Necr           40%        N/A       3%          5
 Animate Armour           Summ/Erth      2%         N/A       90%         4
 Leda's Liquefaction      Hex/Erth       0%         N/A       90%         4
 Lehudib's Crystal Spear  Conj/Erth      0%         10d2      100%        8


Dungeon Overview and Level Annotations

Branches:
Dungeon (6/15)
 Temple: D:4-7

Altars:
Ashenzari
Dithmenos
Hepliaklqana
Kikubaaqudgha
Makhleb
Nemelex Xobeh
Xom


Innate Abilities, Weirdness & Mutations

You have hoof-like feet.
You are partially covered in sharp spines.


Message History

Press: ? - help, Shift-Dir - straight line, f - centaur
Aim: a centaur, wielding a +0 shortbow (chance to affect: 83%)
The centaur writhes in agony!
The centaur shoots an arrow.
The arrow closely misses you.
The centaur shoots an arrow.
The arrow hits you.
* * * LOW HITPOINT WARNING * * *
Unknown command.
Casting: Necrotise (safe; 1% risk of failure)
Confirm with . or Enter, or press ? or * to list all spells.
Aiming: Necrotise (safe; 1% risk of failure)
Press: ? - help, Shift-Dir - straight line, f/p - centaur
Aim: a centaur, wielding a +0 shortbow (moderately wounded, chance to affect: 83%)
The centaur writhes in agony.
The centaur shoots an arrow.
The arrow hits you.
* * * LOW HITPOINT WARNING * * *
Unknown command.
Unknown command.
Casting: Necrotise (safe; 1% risk of failure)
Confirm with . or Enter, or press ? or * to list all spells.
Aiming: Necrotise (safe; 1% risk of failure)
Press: ? - help, Shift-Dir - straight line, f/p - centaur
Aim: a centaur, wielding a +0 shortbow (heavily wounded, chance to affect: 83%)
The centaur writhes in agony.
The centaur shoots an arrow.
The arrow hits you.
* * * LOW HITPOINT WARNING * * *
The centaur shoots an arrow.
The arrow misses you.
Unknown command.
Unknown command.
It was a potion of ambrosia.
You are confused.
You feel invigorated.
The centaur shoots an arrow.
The arrow barely misses you.
The centaur shoots an arrow.
The arrow hits you.
* * * LOW HITPOINT WARNING * * *
The centaur shoots an arrow.
The arrow hits you.
* * * LOW HITPOINT WARNING * * *
You bump into the rock wall.
The centaur shoots an arrow.
The arrow closely misses you.
Unknown command.
The centaur shoots an arrow.
The arrow hits you!
* * * LOW HITPOINT WARNING * * *
The centaur shoots an arrow.
The arrow hits you!
You die...
Kikubaaqudgha rasps: "You have failed me!
Welcome... death!"

#......... #.#
#.#####... #.# #.#
#... #.# #.# #...
#.# #.# #.## #.#
#.# #..# #c# #.#
##... #.# #.#
#.... #@# #.#
##... #.# #.# #..#
#.# #.# #... #.#
#.# #... #.# #.#
#... #.# #.# #...
#.# ##.## #...
#.######...####...
#.................


You could see a centaur.

Vanquished Creatures
  Pikel (D:5)
  A black bear (D:4)
  An ice beast (D:6)
  2 ogres
  A lemure (D:5)
  A necrophage (D:4)
  2 scorpions
  5 wights (D:5)
  4 hounds
  3 jellies
  4 orc priests
  4 iguanas
  An orc wizard (D:5)
  3 gnolls (D:5)
  9 adders
  A shadow imp (D:6)
  An ufetubus (D:5)
  A worm (D:5)
  2 dart slugs
  16 orcs
  3 ball pythons
  10 bats
  An endoplasm (D:2)
  4 giant cockroaches
  3 goblins
  5 hobgoblins
  7 jackals
  3 quokkas (D:3)
  6 kobolds
  3 rats
108 creatures vanquished.

Vanquished Creatures (collateral kills)
  A jackal (D:4)
  A ball python (D:2)
  A kobold (D:1)
3 creatures vanquished.

Vanquished Creatures (others)
  7 plants (D:3)
7 creatures vanquished.

Grand Total: 118 creatures vanquished

Notes
Turn   | Place    | Note
-------+----------+-------------------------------------------
     0 | D:1      | Icepheonix32 the Demonspawn Necromancer began the quest for
                  | the Orb.
     0 | D:1      | Reached XP level 1. HP: 13/13 MP: 3/3
   168 | D:1      | Gained mutation: You are partially covered in sharp spines.
                  | [demonic ancestry]
   168 | D:1      | Reached XP level 2. HP: 19/19 MP: 0/5
   280 | D:1      | Reached skill level 5 in Necromancy
   718 | D:1      | Gained mutation: You have large cloven feet. [demonic
                  | ancestry]
   718 | D:1      | Reached XP level 3. HP: 24/24 MP: 3/6
  1455 | D:2      | Reached skill level 6 in Necromancy
  1485 | D:2      | Found an ancient bone altar of Kikubaaqudgha.
  1515 | D:2      | Became a worshipper of Kikubaaqudgha
  1766 | D:3      | Reached XP level 4. HP: 30/30 MP: 4/7
  2125 | D:3      | Reached skill level 7 in Necromancy
  2125 | D:3      | Reached XP level 5. HP: 31/35 MP: 1/8
  2311 | D:3      | Reached * piety under Kikubaaqudgha
  2311 | D:3      | Received a gift from Kikubaaqudgha
  2710 | D:4      | Noticed a black bear
  2719 | D:4      | Killed a black bear
  2720 | D:4      | Reached skill level 8 in Necromancy
  2720 | D:4      | Reached XP level 6. HP: 24/41 MP: 1/9
  3320 | D:4      | Learned a level 3 spell: Vampiric Draining
  3325 | D:4      | Learned a level 4 spell: Animate Dead
  3908 | D:5      | Entered Level 5 of the Dungeon
  3921 | D:5      | Reached skill level 9 in Necromancy
  4232 | D:5      | Noticed Pikel
  4256 | D:5      | HP: 2/41 [lemure[Pikel] (4)]
  4284 | D:5      | Reached XP level 7. HP: 10/46 MP: 5/10
  4378 | D:5      | Killed Pikel
  4379 | D:5      | Reached skill level 10 in Necromancy
  4779 | D:5      | Gained mutation: You have hoof-like feet. [demonic
                  | ancestry]
  4779 | D:5      | Reached XP level 8. HP: 52/52 MP: 7/11
  5631 | D:5      | Reached skill level 11 in Necromancy
  5700 | D:5      | Reached ** piety under Kikubaaqudgha
  6879 | D:6      | Found a broken altar of Ashenzari.
  6880 | D:6      | Found an ancient bone altar of Kikubaaqudgha.
  6880 | D:6      | Found a shadowy altar of Dithmenos.
  6885 | D:6      | Reached skill level 12 in Necromancy
  6916 | D:6      | Found a hazy altar of Hepliaklqana.
  6918 | D:6      | Found a sparkling altar of Nemelex Xobeh.
  6918 | D:6      | Found a burning altar of Makhleb.
  6920 | D:6      | Found a shimmering altar of Xom.
  7150 | D:6      | HP: 1/52 [centaur/arrow (11)]
  7150 | D:6      | Shot with an arrow by a centaur

Illustrated notes

Levels and vault maps discovered:
D:1:      giann_horns, layout_basic, columned_hall_lemuel
D:2:      layout_loops_ring, basic_altar, chequers_serial_rivers_small_b
D:3:      layout_basic, st_stairs_12, serial_park_tiny_1, kennysheep_boxes
D:4:      layout_basic
D:5:      layout_gridville, marbit_many_paths, chequers_serial_rivers_room_b,
          kennysheep_decorative_pillar, chequers_arboretum, uniq_pikel
D:6:      layout_loops_ring, grunt_temple_overflow_open

Skill      XL: |  1  2  3  4  5  6  7  8 |
---------------+-------------------------+-----
Necromancy     | 5 6 7 8 9 10 12 | 12.1
Armour         | 2 3 |  3.9
Dodging        | 2 |  2.7
Stealth        | |  1.7
Spellcasting   | |  2.0

Action                   |  1- 3 |  4- 6 |  7- 9 || total
-------------------------+-------+-------+-------++-------
Melee: Dagger            |     5 |    20 |       ||    25
       Kick              |       |    11 |     8 ||    19
       Short sword       |       |    12 |    32 ||    44
       Punch             |       |       |     1 ||     1
 Cast: Necrotise         |    48 |    90 |    88 ||   226
       Vampiric Draining |       |       |     2 ||     2
  Use: Potion            |       |     7 |     4 ||    11
       Scroll            |       |    17 |     1 ||    18
 Stab: Sleeping          |       |     3 |       ||     3
Armor: Robe              |     5 |    12 |     5 ||    22
       Leather armour    |       |     3 |     1 ||     4
Dodge: Dodged            |    13 |    49 |    41 ||   103
